[Event "Seniors-LEM-65 Sachsen-Anhalt 2024"]
[Site "Magdeburg"]
[Date "2024.07.03"]
[Round "3.24"]
[White "Wolke, Reimund"]
[Black "Domsgen, Bernd"]
[Result "1-0"]
[ECO "B07"]
[WhiteElo "1871"]
[BlackElo "1963"]
[Annotator "NA RC"]
[PlyCount "63"]
[EventDate "2024.06.25"]
[EventType "swiss"]
[EventCountry "GER"]
[SourceTitle "playchess.com"]
[Source "ChessBase"]
[SourceQuality "1"]
[TimeControl "40/5400+30:1800+30"]

1. e4 c5 2. c3 g6 3. d4 cxd4 4. cxd4 Bg7 5. Nf3 Nc6 6. Nc3 d6 7. h3 Nf6 8. Bd3 O-O 9. O-O a6 10. d5 {[%emt 0:01:26] B07: Pirc Defence: Miscellaneous Systems.} Na7 11. Be3 Bd7 12. a4 Qa5 13. Bd4 Nc8 14. Qe2 e5 15. dxe6 Bxe6 16. b4 Qh5 {[%emt 0:03:26] [#]} 17. a5 $2 (17. Qd2 $1 $18) 17... Ne7 18. b5 axb5 19. Nxb5 Nc6 20. Bc3 d5 21. Qb2 $2 {[%emt 0:08:13] [#]} (21. e5 $14 {keeps the upper hand.} Nd7 22. Rfe1 (22. Nc7 Rac8 $14)) 21... dxe4 {[%emt 0:04:21] [#]} (21... Bxh3 $1 $17 22. exd5 (22. Bxf6 Bxg2 23. Nh2 Bxf6 $17) 22... Bxg2 23. Kxg2 Qg4+ 24. Kh2 Qxf3) 22. Bxe4 $1 Nxe4 23. Bxg7 Rfd8 24. Rfe1 Nc5 25. Re3 Ne7 26. Bf6 $2 ({Better is} 26. Bh8 $18 Qh6 27. Bd4 (27. Nc7 Nd5 $16)) 26... Nf5 27. Rc3 Ne4 28. Rc7 $2 (28. Bxd8 $18 Rxd8 29. Rca3) 28... Rd7 (28... Re8 $14) 29. Be5 $2 (29. Rxd7 $18 Bxd7 30. Nc7) 29... Ng5 $18 (29... Nh4 $1 $11 30. Rxd7 Nxf3+ 31. gxf3 Ng5) 30. Nxg5 Qxg5 31. Rac1 $2 (31. Rxd7 $18 Bxd7 32. Nc7) 31... Rxa5 32. Bf6 1-0

[Event "Seniors-LEM-65 Sachsen-Anhalt 2024"]
[Site "Magdeburg"]
[Date "2024.07.03"]
[Round "3.25"]
[White "Onasch, Gunnar"]
[Black "Schwarz, Hans"]
[Result "1-0"]
[ECO "A90"]
[WhiteElo "1949"]
[BlackElo "1856"]
[Annotator "NA RC"]
[PlyCount "97"]
[EventDate "2024.06.25"]
[EventType "swiss"]
[EventCountry "GER"]
[SourceTitle "playchess.com"]
[Source "ChessBase"]
[SourceQuality "1"]
[TimeControl "40/5400+30:1800+30"]

1. d4 e6 2. c4 f5 3. g3 Nf6 4. Nc3 d5 5. Bg2 c6 6. Bf4 {[%emt 0:00:57] A90: Dutch Defence: Miscellaneous and Modern Stonewall (with ...Bd6).} Bd6 7. Bxd6 Qxd6 8. Nf3 Nbd7 9. e3 O-O 10. c5 Qe7 11. O-O Ne4 12. Qc2 e5 13. b4 Nxc3 14. Qxc3 e4 15. Nd2 Nf6 16. Rfb1 Bd7 17. a4 a6 18. Bf1 Qe8 19. b5 axb5 20. axb5 Qh5 21. bxc6 Bxc6 22. Rxa8 Rxa8 23. Ra1 Rxa1 24. Qxa1 g5 25. Qe1 f4 26. exf4 gxf4 27. gxf4 Qg4+ 28. Bg2 Qxf4 29. Qe3 Qxe3 30. fxe3 Ng4 31. Nf1 Bb5 32. Bh3 Bxf1 $2 (32... Bd7 $16) 33. Bxg4 Bc4 34. Bc8 Kf7 35. Bxb7 Ke7 36. Bc8 Bb5 37. Kf2 Bc6 38. Bf5 h6 39. Kg3 Kf6 40. Kf4 Bb5 41. Bc8 Bc6 42. h3 Bb5 43. Bb7 Ke6 $11 44. Kg4 (44. c6 Kd6) 44... Be2+ 45. Kf4 Bc4 $2 46. Bc8+ Kf6 47. c6 Ke7 48. Ke5 Kd8 49. Be6 1-0

[Event "Seniors-LEM-65 Sachsen-Anhalt 2024"]
[Site "Magdeburg"]
[Date "2024.07.03"]
[Round "3.26"]
[White "Wolff, Stefan"]
[Black "Rausch, Erik"]
[Result "1-0"]
[ECO "D37"]
[WhiteElo "1956"]
[BlackElo "1827"]
[Annotator "NA RC"]
[PlyCount "61"]
[EventDate "2024.06.25"]
[EventType "swiss"]
[EventCountry "GER"]
[SourceTitle "playchess.com"]
[Source "ChessBase"]
[SourceQuality "1"]
[TimeControl "40/5400+30:1800+30"]

1. Nf3 Nf6 2. c4 e6 3. Nc3 d5 4. d4 a6 5. Bf4 c5 6. e3 {[%emt 0:01:12] D37: Queen's Gambit Declined: 5 Bf4.} dxc4 7. Bxc4 b5 8. Bd3 Bb7 9. O-O Bd6 10. Bg5 Nbd7 11. Ne4 Be7 12. Bxf6 gxf6 13. dxc5 Nxc5 14. Nxc5 Bxc5 15. Qe2 Qe7 16. Rac1 h5 17. Bxb5+ Kf8 18. Bd3 Rd8 19. Bxa6 Be4 20. Nd2 Bd5 21. Bc4 Ba8 22. Rfd1 Rg8 23. Nf3 $1 (23. Qxh5 Bxg2 (23... Bxe3 $2 24. fxe3 Rxg2+ 25. Kf1 $18) 24. Qh6+ Ke8 $19) 23... Rb8 24. b3 f5 25. Rc3 Be4 26. Bd3 Bb4 27. Rc2 Bd5 28. e4 fxe4 29. Bxe4 Bxe4 30. Qxe4 Bd6 31. Rcd2 $18 1-0

[Event "Seniors-LEM-65 Sachsen-Anhalt 2024"]
[Site "Magdeburg"]
[Date "2024.07.03"]
[Round "3.27"]
[White "Gehrmann, Dorit"]
[Black "Lehr, Thomas"]
[Result "1/2-1/2"]
[ECO "B02"]
[WhiteElo "1881"]
[BlackElo "1954"]
[Annotator "RC"]
[PlyCount "32"]
[EventDate "2024.06.25"]
[EventType "swiss"]
[EventCountry "GER"]
[SourceTitle "playchess.com"]
[Source "ChessBase"]
[SourceQuality "1"]
[TimeControl "40/5400+30:1800+30"]

1. e4 Nf6 2. Nc3 d5 3. exd5 Nxd5 4. d4 Bf5 5. Nxd5 Qxd5 6. Nf3 Qe4+ 7. Be3 e6 8. c3 Qc2 9. Qxc2 Bxc2 10. Be2 Nd7 11. Ne5 Nxe5 12. dxe5 Be4 13. O-O O-O-O 14. Bg5 Rd5 15. Rfd1 Bc5 16. Rxd5 Bxd5 1/2-1/2

[Event "Seniors-LEM-65 Sachsen-Anhalt 2024"]
[Site "Magdeburg"]
[Date "2024.07.03"]
[Round "3.28"]
[White "Luebeck, Stephan"]
[Black "Hauke, Hans"]
[Result "1-0"]
[ECO "D05"]
[WhiteElo "1942"]
[BlackElo "1824"]
[Annotator "NA RC"]
[PlyCount "87"]
[EventDate "2024.06.25"]
[EventType "swiss"]
[EventCountry "GER"]
[SourceTitle "playchess.com"]
[Source "ChessBase"]
[SourceQuality "1"]
[TimeControl "40/5400+30:1800+30"]

1. d4 d5 2. Nf3 Nf6 3. e3 e6 4. Nbd2 Be7 5. Bd3 O-O 6. Ne5 {[%emt 0:01:32] D05: Colle System with ...e6.} Nbd7 7. f4 c5 8. c3 b6 9. O-O a5 10. Rf3 Bb7 11. Rh3 Ne4 12. Qh5 Ndf6 13. Qf3 c4 14. Bc2 b5 15. g4 g6 16. g5 (16. Rh6 $1 $14) 16... Nd7 17. Qg4 Kg7 18. Qh4 Rh8 19. Ng4 {[%emt 0:10:41] [#]} f6 (19... h5 $1 $17 {and life is bright.} 20. Nxe4 dxe4 (20... hxg4 21. Qxh8+ Qxh8 22. Rxh8 $11)) 20. Nxe4 dxe4 21. gxf6+ Bxf6 22. Qg3 Be7 $1 23. Qg2 Nf6 24. Nxf6 Bxf6 25. Bxe4 Bxe4 26. Qxe4 Qd7 27. Rg3 b4 28. Bd2 bxc3 29. Bxc3 Rhe8 30. Qg2 a4 $16 31. a3 Qd5 32. Rd1 Qf5 33. Qf3 Rac8 34. Rg2 Kf7 35. e4 Qb5 36. Rgd2 Be7 37. Qh3 h5 38. Qg3 Rg8 39. d5 g5 40. dxe6+ Kxe6 41. Qh3+ g4 42. f5+ Kf7 43. Qxh5+ Kf8 44. Qh6+ 1-0

[Event "Seniors-LEM-65 Sachsen-Anhalt 2024"]
[Site "Magdeburg"]
[Date "2024.07.03"]
[Round "3.29"]
[White "Niebuhr, Gerd"]
[Black "Reimann, Reinhold"]
[Result "1-0"]
[ECO "D38"]
[WhiteElo "1917"]
[BlackElo "1888"]
[Annotator "NA RC"]
[PlyCount "53"]
[EventDate "2024.06.25"]
[EventType "swiss"]
[EventCountry "GER"]
[SourceTitle "playchess.com"]
[Source "ChessBase"]
[SourceQuality "1"]
[TimeControl "40/5400+30:1800+30"]

1. d4 e6 2. c4 d5 3. Nc3 Bb4 4. Nf3 Nf6 5. e3 Ne4 6. Qb3 Bxc3+ 7. bxc3 O-O 8. Bd3 f5 9. O-O c6 10. cxd5 exd5 11. c4 b6 12. cxd5 cxd5 13. Ne5 Ba6 14. f3 Bxd3 15. Qxd3 Nd6 16. Ba3 Rf6 17. Rac1 Nf7 18. Qb3 Nxe5 19. dxe5 Rc6 20. e4 Rxc1 21. Rxc1 fxe4 22. fxe4 Na6 23. Qxd5+ Kh8 24. e6 Rc8 25. e7 Rxc1+ 26. Bxc1 Qxd5 27. exd5 1-0

[Event "Seniors-LEM-65 Sachsen-Anhalt 2024"]
[Site "Magdeburg"]
[Date "2024.07.03"]
[Round "3.30"]
[White "Kalkmann, Hans"]
[Black "Bielfeldt, Michael"]
[Result "1/2-1/2"]
[ECO "D02"]
[WhiteElo "1910"]
[BlackElo "1810"]
[Annotator "RC"]
[PlyCount "88"]
[EventDate "2024.06.25"]
[EventType "swiss"]
[EventCountry "GER"]
[SourceTitle "playchess.com"]
[Source "ChessBase"]
[SourceQuality "1"]
[TimeControl "40/5400+30:1800+30"]

1. d4 d5 2. Nf3 Bf5 3. g3 e6 4. Bg2 Nf6 5. c3 c6 6. Bg5 Be7 7. O-O h6 8. Bxf6 Bxf6 9. Nbd2 Nd7 10. Re1 O-O 11. e4 Bh7 12. exd5 cxd5 13. Ne5 Qc7 14. Nxd7 Qxd7 15. Nf3 Rac8 16. Qd2 b5 17. Ne5 Qb7 18. a3 Be7 19. Bf1 Bd6 20. Bd3 Bxe5 21. Bxh7+ Kxh7 22. Rxe5 a5 23. Re3 Rb8 24. Rc1 Rfc8 25. h3 Qc7 26. Ree1 Rb6 27. Kg2 Rc6 28. Qd3+ Kh8 29. Qxb5 Rb8 30. Qe2 Rb3 31. Rc2 Qb7 32. Rd1 Rcb6 33. Rdd2 a4 34. h4 Qb8 35. Kh3 Qc8 36. Kh2 Qc7 37. f4 Qc8 38. Qf2 g6 39. Re2 h5 40. Qe3 Qb7 41. Qf2 f5 42. Kh3 Kg8 43. Qe3 Kf7 44. Qe5 Qc8 1/2-1/2